 Dungeon Sprint DCSS version 0.31-a0-210-gccc998df9b (webtiles) character file.

Game seed: 6047281588763426137

28725 123456 the Minotaur Barricade (level 17, -1/191 HPs)
             Began as a Minotaur Fighter on June 30, 2023.
             Was an Initiate of Gozag.
             Killed from afar by a titan (5 damage)
             ... with a bolt of lightning
             ... in the Dungeon (Sprint VI: "Thunderdome").
             The game lasted 00:34:05 (4652 turns).

123456 the Minotaur Barricade (Minotaur Fighter)    Turns: 4652, Time: 00:34:06

Health: -1/191     AC: 49    Str: 27 (29) XL:     17   Next: 29%
Magic:  25/25      EV: 17    Int: 10      God:    Gozag
Gold:   12733      SH: 25    Dex: 19 (20) Spells: 16/16 levels left

rFire   + + +        s - +9 demon whip (heavy)
rCold   + + +        y - +1 kite shield of Parsimonious Salvation {Will+}
rNeg    + . .        x - +8 crystal plate armour
rPois   +            B - +2 hat "Xuteskof" {rC+ Regen+}
rElec   +            t - +2 cloak "Vione" {rPois Int+3 Dex+3 Slay+2}
rCorr   +            z - +1 pair of gloves of Epsadaont {-Tele rPois rN+ Int+2}
SInv    .            v - +2 pair of boots of Hopifem {*Corrode rPois rC++ Dex+2}
Will    ++...        p - amulet "Toasaot" {Reflect *Slow Regen+ MP+9 Dex+3 SH+5}
Stlth   ++           R - ring "Zauwko" {rC- rCorr EV+5 Str+5}
HPRegen 2.11/turn    q - ring "Copeh" {*Corrode rPois rF+++ AC+4 Dex-3}
MPRegen 0.19/turn

%: no teleportation, corrode self (6%), slow self (1%), reflection
@: mighty, resistant, hasted, studying Air Magic, very quick
A: horns 2, retaliatory headbutt, deformed body, deterioration 2, fire
resistance 1, passive freeze
}: 5/15 runes: decaying, slimy, silver, gossamer, mossy
a: Renounce Religion, Potion Petition, Call Merchant, Bribe Branch


You were in the Dungeon.
You worshipped Gozag.
Gozag was extremely pleased with you.
You visited 1 branch You collected 35433 gold pieces.
You spent 14238 gold pieces at shops.
You paid 8462 gold pieces to Gozag.

Inventory:

Hand Weapons
 a - a +0 flail
 s - a +9 heavy demon whip (weapon)
 Q - the +1 great mace of the Eleven Princes {flame, rElec rCorr SInv}
   (You bought it in a shop in the Dungeon)

   rElec:     It insulates you from electricity.
   SInv:      It lets you see invisible.
   rCorr:     It protects you from acid and corrosion.
 S - a +9 sacred scourge of holy wrath
Armour
 b - a +0 scale mail
 c - a +0 buckler
 r - a +0 plate armour
 t - the +2 cloak "Vione" (worn) {rPois Int+3 Dex+3 Slay+2}
   (You bought it in a shop in the Dungeon)

   Int:       It affects your intelligence (+3).
   Dex:       It affects your dexterity (+3).
   Slay:      It affects your accuracy & damage with ranged weapons and melee
   (+2).
   rPois:     It protects you from poison.
 v - the +2 pair of boots of Hopifem (worn) {*Corrode rPois rC++ Dex+2}
   (You bought it in a shop in the Dungeon)

   Dex:       It affects your dexterity (+2).
   rC:        It greatly protects you from cold.
   rPois:     It protects you from poison.
   *Corrode:  It may corrode you when you take damage.
 w - the +0 pair of gloves of Gallantry {Harm rF+ Slay-2}
   (You bought it in a shop in the Dungeon)

   Slay:      It affects your accuracy & damage with ranged weapons and melee
   (-2).
   rF:        It protects you from fire.
   Harm:      It increases damage dealt and taken.
 x - a +8 crystal plate armour (worn)
 y - the +1 kite shield of Parsimonious Salvation (worn) {Will+}
   (You bought it in a shop in the Dungeon)

   Will:      It increases your willpower.
 z - the +1 pair of gloves of Epsadaont (worn) {-Tele rPois rN+ Int+2}
   (You bought it in a shop in the Dungeon)

   Int:       It affects your intelligence (+2).
   rPois:     It protects you from poison.
   rN:        It protects you from negative energy.
   -Tele:     It prevents most forms of teleportation.
 B - the +2 hat "Xuteskof" (worn) {rC+ Regen+}
   (You bought it in a shop in the Dungeon)

   rC:        It protects you from cold.
   Regen:     It increases your rate of health regeneration.
 O - a +2 crystal plate armour
 P - the +0 pair of boots of Free Expression {rElec Str-5 Dex+6}
   (You bought it in a shop in the Dungeon)

   Str:       It affects your strength (-5).
   Dex:       It affects your dexterity (+6).
   rElec:     It insulates you from electricity.
 V - the +3 tower shield of Privacy {rPois Str-3 Int+5}
   (You took it off Mennas in the Dungeon)

   Str:       It affects your strength (-3).
   Int:       It affects your intelligence (+5).
   rPois:     It protects you from poison.
Jewellery
 o - the ring "Fyistozoe" {Fly rC+++ rCorr Dex+6 Stlth-}
   (You bought it in a shop in the Dungeon)

   [ring of dexterity]

   Dex:       It affects your dexterity (+6).
   rC:        It renders you almost immune to cold.
   Fly:       It grants you flight.
   rCorr:     It protects you from acid and corrosion.
   Stlth:     It makes you less stealthy.
 p - the amulet "Toasaot" (around neck) {Reflect *Slow Regen+ MP+9 Dex+3 SH+5}
   (You bought it in a shop in the Dungeon)

   [amulet of reflection]

   It reflects blocked missile attacks.
   Dex:       It affects your dexterity (+3).
   MP:        It affects your magic capacity (+9).
   Regen:     It increases your rate of health regeneration.
   *Slow:     It may slow you when you take damage.
   SH:        It affects your SH (+5).
 q - the ring "Copeh" (right hand) {*Corrode rPois rF+++ AC+4 Dex-3}
   (You bought it in a shop in the Dungeon)

   [ring of protection]

   AC:        It affects your AC (+4).
   Dex:       It affects your dexterity (-3).
   rF:        It renders you almost immune to fire.
   rPois:     It protects you from poison.
   *Corrode:  It may corrode you when you take damage.
 C - the ring "Qenluem" {rElec Will+ MP+9 SInv}
   (You bought it in a shop in the Dungeon)

   [ring of magical power]

   rElec:     It insulates you from electricity.
   MP:        It affects your magic capacity (+9).
   SInv:      It lets you see invisible.
   Will:      It increases your willpower.
 D - the ring "Igeuxuq" {*Corrode rElec rF- rC+++ EV+5}
   (You bought it in a shop in the Dungeon)

   [ring of evasion]

   EV:        It affects your evasion (+5).
   rF:        It makes you vulnerable to fire.
   rC:        It renders you almost immune to cold.
   rElec:     It insulates you from electricity.
   *Corrode:  It may corrode you when you take damage.
 E - the ring of Moodiness {+Blink Fly}
   (You bought it in a shop in the Dungeon)

   [ring of flight]

   Fly:       It grants you flight.
   +Blink:    It lets you blink.
 F - the ring "Satzes" {rPois EV+5}
   (You bought it in a shop in the Dungeon)

   [ring of evasion]

   EV:        It affects your evasion (+5).
   rPois:     It protects you from poison.
 G - the ring of Siwnolli {rC+ rCorr Int+2 SInv}
   (You bought it in a shop in the Dungeon)

   [ring of resist corrosion]

   Int:       It affects your intelligence (+2).
   rC:        It protects you from cold.
   SInv:      It lets you see invisible.
   rCorr:     It protects you from acid and corrosion.
 H - the ring "Kutec" {rN+ Dex+4}
   (You bought it in a shop in the Dungeon)

   [ring of positive energy]

   Dex:       It affects your dexterity (+4).
   rN:        It protects you from negative energy.
 I - the ring "Ytuazyf" {AC+4 Str+3}
   (You bought it in a shop in the Dungeon)

   [ring of protection]

   AC:        It affects your AC (+4).
   Str:       It affects your strength (+3).
 J - the ring "Evvuojenoh" {Ice Contam Fly rPois Int+3}
   (You bought it in a shop in the Dungeon)

   [ring of ice]

   It enhances your ice magic.
   Int:       It affects your intelligence (+3).
   rF:        It makes you vulnerable to fire.
   rC:        It protects you from cold.
   rPois:     It protects you from poison.
   Fly:       It grants you flight.
   Contam:    It causes magical contamination when unequipped.
 K - the ring of the Enemy {rN+ Dex+5 SInv}
   (You bought it in a shop in the Dungeon)

   [ring of see invisible]

   Dex:       It affects your dexterity (+5).
   rN:        It protects you from negative energy.
   SInv:      It lets you see invisible.
 R - the ring "Zauwko" (left hand) {rC- rCorr EV+5 Str+5}
   (You bought it in a shop in the Dungeon)

   [ring of evasion]

   EV:        It affects your evasion (+5).
   Str:       It affects your strength (+5).
   rC:        It makes you vulnerable to cold.
   rCorr:     It protects you from acid and corrosion.
Wands
 k - a wand of acid (10)
 l - a wand of roots (5)
Scrolls
 j - 4 scrolls of blinking
 m - 3 scrolls of fog
 U - 4 scrolls of enchant weapon
Potions
 d - a potion of might
 e - 3 potions of mutation
 f - 5 potions of heal wounds
 g - 4 potions of haste
 h - 2 potions of magic
 i - a potion of berserk rage
 n - a potion of resistance
 T - 2 potions of experience
Miscellaneous
 A - a piece from Xom's chessboard (15/15)
 L - a condenser vane
 M - a quad damage
 N - a quad damage
 W - the horn of Geryon


   Skills:
 O Level 27 Fighting
 O Level 27 Maces & Flails
 O Level 27 Armour
 + Level 7.8 Dodging
 + Level 23.7 Stealth
 O Level 27 Shields
 + Level 1.1 Evocations


You had 16 spell levels left.
You didn't know any spells.
Your spell library was empty.

Dungeon Overview and Level Annotations

Branches:
Dungeon (1/1)

Altars:
Cheibriados
Dithmenos
Fedhas
Gozag
Kikubaaqudgha
Makhleb
Okawaru
Qazlal
Ru
Sif Muna
Trog
Uskayaw
Vehumet
Wu Jian
Xom
Yredelemnul
Zin
The Shining One
Lugonu

Shops:
D *[?[?*?*((*:[(((=!!!!


Innate Abilities, Weirdness & Mutations

You have a pair of horns on your head.
You reflexively headbutt those who attack you in melee.
Armour fits poorly on your strangely shaped body.
Your body often deteriorates upon taking damage.
Your flesh is heat resistant. (rF+)
A frigid envelope surrounds you and freezes all who hurt you.


Message History

You feel your intelligence returning. The titan hits you!!
Your body deteriorates!
You feel weakened.
The titan is very cold.
The titan is lightly wounded.
You thrash the titan!!
The titan is no longer distracted by gold.
The titan is lightly wounded.
The titan waves its arms in wide circles.
The air twists around and strikes you!!!
* * * LOW HITPOINT WARNING * * *
Your body deteriorates!
You feel clumsy. The titan casts a spell at you.
The bolt of lightning hits you!!
* * * LOW HITPOINT WARNING * * *
You feel much better. You block the titan's attack.
The titan waves its arms in wide circles.
The air twists around and strikes you!
* * * LOW HITPOINT WARNING * * *
Unknown command.
You feel much better. You block the titan's attack. The titan hits you!
* * * LOW HITPOINT WARNING * * *
The titan is very cold.
The titan is lightly wounded. [a] - 200 gold - resistance [b] - 648 gold - resistance, might and haste [c] - 812 gold - haste, enlightenment, resistance and might Purchase which effect?
You feel protected.
You feel very mighty all of a sudden.
You feel yourself speed up. You block the titan's attack. The titan hits you!!
* * * LOW HITPOINT WARNING * * *
The titan is very cold.
The titan is lightly wounded.
You whack the titan!
The titan is moderately wounded.
You block the titan's attack.
The titan gestures at you while chanting.
The bolt of lightning hits you. You resist.
You die...
Your body crumbles into a pile of gold.

#.......[.....###.....∩.......##
###∩....[...8.# #.8........∩###
##∩___......###)....)___∩##
######.8..))...[.8.######
#⌠)....∩..)..⌠# ###[..)[).(.###
#......[..# #_.)...C..#
#_....@C._# #∩.).....∩#
##∩$....∩## ##($$..## ##⌠⌠⌠##
#####


You could see 2 titans.

Vanquished Creatures
  Dissolution (D)
  Mennas (D)
  3 pearl dragons (D)
  Nellie (D)
  2 Hell Sentinels (D)
  3 hellephants (D)
  3 titans (D)
  4 acid blobs (D)
  Chuck (D)
  An azure jelly (D)
  3 nagarajas (D)
  6 fire giants (D)
  A daeva (D)
  3 rockslimes (D)
  2 frost giants (D)
  An angel (D)
  4 reapers (D)
  2 stone giants (D)
  4 very ugly things (D)
  2 quicksilver oozes (D)
  An apis (D)
  3 ophanim (D)
  A lorocyproca (D)
  A blizzard demon (D)
  A mummy priest (D)
  A yaktaur captain (D)
  A spriggan air mage (D)
  A wizard (D)
  A jumping spider (D)
  4 catoblepae (D)
  2 hell beasts (D)
  A jorogumo (D)
  3 death yaks (D)
  2 naga warriors (D)
  2 demonic crawlers (D)
  A shock serpent (D)
  A sun demon (D)
  4 hell hogs (D)
  7 hell knights (D)
  20 fire crabs (D)
  A soul eater (D)
  A pharaoh ant (D)
  5 cherubim (D)
  A salamander (D)
  13 shining eyes (D)
  22 ugly things (D)
  2 naga magi (D)
  2 black mambas (D)
  2 hellions (D)
  2 rime drakes (D)
  A komodo dragon (D)
  12 yaktaurs (D)
  2 guardian mummies (D)
  A red devil (D)
  A hellwing (D)
  8 polar bears (D)
  2 dream sheep (D)
  Sigmund (D)
  12 slime creatures (D)
  3 wraiths (D)
  5 yaks (D)
  2 steam dragons (D)
  3 acid dragons (D)
  A hell hound (D)
  A swamp drake (D)
  2 orc warriors (D)
  A black bear (D)
  An ogre (D)
  A wolf (D)
  2 wights (D)
  A jelly (D)
  3 orc priests (D)
  An orc wizard (D)
  4 mummies (D)
  A gnoll (D)
  A spectral bat (D)
  5 endoplasms (D)
  A quokka (D)
  A frilled lizard (D)
  8 kobolds (D)
245 creatures vanquished.

Vanquished Creatures (others)
  Geryon (D)
  A reaper (D)
  A shambling mangrove (D)
  2 spriggan air magi (D)
  A kobold (D)
6 creatures vanquished.

Grand Total: 251 creatures vanquished

Notes
Turn   | Place    | Note
-------+----------+-------------------------------------------
     0 | D        | 123456 the Minotaur Fighter began the quest for the Orb.
     0 | D        | Reached XP level 1. HP: 19/19 MP: 0/0
     1 | D        | Found an iron altar of Okawaru.
     1 | D        | Found a hide-covered altar of Uskayaw.
     2 | D        | Found a radiant altar of Vehumet.
     2 | D        | Found an opulent altar of Gozag.
     3 | D        | Found an ancient bone altar of Kikubaaqudgha.
     4 | D        | Found a glowing silver altar of Zin.
     4 | D        | Found a snail-covered altar of Cheibriados.
     4 | D        | Found Ugeshil's Magic Scroll Shop.
     4 | D        | Found Neutuqump's Staff Store.
     5 | D        | Found Arreont's Magic Scroll Shop.
     5 | D        | Found Geukah's Must-Have Magic.
     5 | D        | Round 1.
    10 | D        | Became a worshipper of Gozag Ym Sagoz the Greedy
    18 | D        | Found a glowing golden altar of the Shining One.
    21 | D        | Found a burning altar of Makhleb.
    22 | D        | Found a shadowy altar of Dithmenos.
    23 | D        | Found Bixeroa's Distillery.
    39 | D        | Found Qoofattaapt's Jewellery.
    39 | D        | Found Fecvair's Advanced Armour.
    39 | D        | Found a shimmering altar of Xom.
    39 | D        | Found a corrupted altar of Lugonu.
    39 | D        | Found a bloodstained altar of Trog.
    39 | D        | Found Husuqofiph's Identification Station.
    50 | D        | Bought a transparent lapis lazuli ring for 45 gold pieces
    50 | D        | Identified the ring of Izas {MP-9 Int+4 Slay+4} (You bought
                  | it in a shop in the Dungeon)
    50 | D        | Bought a brightly glowing zirconium amulet for 45 gold
                  | pieces
    50 | D        | Identified the amulet "Toasaot" {Reflect *Slow Regen+ MP+9
                  | Dex+3 SH+5} (You bought it in a shop in the Dungeon)
    50 | D        | Bought a sparkling copper ring for 45 gold pieces
    50 | D        | Identified the ring "Acajebad" {rPois Will++ SInv} (You
                  | bought it in a shop in the Dungeon)
    57 | D        | Bought a glittering brass ring for 45 gold pieces
    57 | D        | Identified the ring of Huvuluhu {Ice rN+++ Str-5 Int-5
                  | SInv} (You bought it in a shop in the Dungeon)
    57 | D        | Bought a flickering wooden ring for 45 gold pieces
    57 | D        | Identified the ring "Copeh" {*Corrode rPois rF+++ AC+4
                  | Dex-3} (You bought it in a shop in the Dungeon)
    59 | D        | Bought a smoking pewter ring for 45 gold pieces
    59 | D        | Identified the ring "Fyistozoe" {Fly rC+++ rCorr Dex+6
                  | Stlth-} (You bought it in a shop in the Dungeon)
   103 | D        | Noticed Sigmund
   116 | D        | Killed Sigmund
   117 | D        | Reached skill level 5 in Maces & Flails
   117 | D        | Reached XP level 2. HP: 12/34 MP: 1/1
   117 | D        | Reached XP level 3. HP: 14/39 MP: 2/2
   117 | D        | Reached XP level 4. HP: 17/47 MP: 3/3
   117 | D        | Reached XP level 5. HP: 19/52 MP: 4/4
   120 | D        | Found an ornate altar of the Wu Jian Council.
   138 | D        | Found a shimmering blue altar of Sif Muna.
   139 | D        | Found Emeiv's Premium Goods.
   140 | D        | Found Xucsesmuolij's Miscellaneous Merchandise.
   140 | D        | Found Kumpic's Basic Armour.
   146 | D        | Arena points: 12 (+12) [x2]
   154 | D        | Found a basalt altar of Yredelemnul.
   154 | D        | Found Ogagh's Weapon Rack.
   158 | D        | Found a stormy altar of Qazlal.
   184 | D        | Bought a scroll of brand weapon for 95 gold pieces
   185 | D        | Bought a scroll of brand weapon for 95 gold pieces
   197 | D        | Found Bofaof's Distillery.
   198 | D        | Found Immorghea's Bottled Wisdom.
   204 | D        | Found Niumaw's Do-It-Yourself Clinic.
   204 | D        | Found a blossoming altar of Fedhas.
   204 | D        | Found a sacrificial altar of Ru.
   205 | D        | Round 2.
   263 | D        | Arena points: 48 (+36) [x3]
   278 | D        | Round 3.
   288 | D        | Reached skill level 1 in Dodging
   288 | D        | Reached XP level 6. HP: 61/61 MP: 5/5
   297 | D        | Noticed a wraith
   305 | D        | Killed a wraith
   315 | D        | Noticed a wraith
   325 | D        | Killed a wraith
   326 | D        | Reached skill level 10 in Armour
   326 | D        | Reached skill level 10 in Shields
   326 | D        | Reached XP level 7. HP: 48/70 MP: 6/6
   342 | D        | Noticed a wraith
   356 | D        | Killed a wraith
   356 | D        | Arena points: 132 (+84) [x4]
   357 | D        | Reached skill level 10 in Fighting
   366 | D        | Bought a +0 demon whip for 450 gold pieces
   405 | D        | Round 4.
   462 | D        | Reached skill level 10 in Maces & Flails
   462 | D        | Reached XP level 8. HP: 76/81 MP: 7/7
   483 | D        | Arena points: 292 (+160) [x5]
   508 | D        | Round 5.
   512 | D        | Bought a heavily runed cloak for 332 gold pieces
   512 | D        | Identified the +2 cloak "Vione" {rPois Int+3 Dex+3 Slay+2}
                  | (You bought it in a shop in the Dungeon)
   522 | D        | Noticed a witch
   531 | D        | Bought a scroll of enchant weapon for 75 gold pieces
   545 | D        | Killed a witch
   545 | D        | Arena points: 572 (+280) [x7]
   548 | D        | Got a decaying rune of Zot
   553 | D        | Bought 8 scrolls of enchant weapon for 600 gold pieces
   583 | D        | Bought 3 potions of heal wounds for 105 gold pieces
   741 | D        | Round 6.
   771 | D        | Noticed a guardian mummy
   777 | D        | Killed a guardian mummy
   778 | D        | Reached XP level 9. HP: 47/90 MP: 8/8
   823 | D        | Noticed a guardian mummy
   823 | D        | Noticed a mummy priest
   835 | D        | Killed a guardian mummy
   838 | D        | Killed a mummy priest
   866 | D        | Arena points: 956 (+384) [x8]
   896 | D        | Bought a pair of ichor-stained boots for 332 gold pieces
   896 | D        | Identified the +2 pair of boots of Hopifem {*Corrode rPois
                  | rC++ Dex+2} (You bought it in a shop in the Dungeon)
   896 | D        | Bought a pair of dazzling gloves for 332 gold pieces
   896 | D        | Identified the +0 pair of gloves of Gallantry {Harm rF+
                  | Slay-2} (You bought it in a shop in the Dungeon)
   917 | D        | Round 7.
  1016 | D        | Noticed a rime drake
  1021 | D        | Killed a rime drake
  1033 | D        | Noticed a rime drake
  1042 | D        | Killed a rime drake
  1043 | D        | Reached skill level 15 in Maces & Flails
  1043 | D        | Reached XP level 10. HP: 104/104 MP: 9/9
  1072 | D        | Arena points: 1586 (+630) [x9]
  1073 | D        | Reached skill level 15 in Fighting
  1073 | D        | Reached skill level 15 in Shields
  1089 | D        | Bought a +0 crystal plate armour for 960 gold pieces
  1103 | D        | Round 8.
  1125 | D        | Bought 4 scrolls of enchant armour for 300 gold pieces
  1125 | D        | Bought 4 scrolls of enchant armour for 300 gold pieces
  1231 | D        | Arena points: 2386 (+800) [x10]
  1256 | D        | Round 9.
  1274 | D        | Reached skill level 5 in Dodging
  1287 | D        | Bought a scorched kite shield for 332 gold pieces
  1287 | D        | Identified the +1 kite shield of Parsimonious Salvation
                  | {Will+} (You bought it in a shop in the Dungeon)
  1287 | D        | Bought a pair of masterwork gloves for 332 gold pieces
  1287 | D        | Identified the +1 pair of gloves of Epsadaont {-Tele rPois
                  | rN+ Int+2} (You bought it in a shop in the Dungeon)
  1334 | D        | Bought a piece from Xom's chessboard (15/15) for 500 gold
                  | pieces
  1403 | D        | Arena points: 3277 (+891) [x11]
  1417 | D        | Bought an ancient hat for 315 gold pieces
  1417 | D        | Identified the +2 hat "Xuteskof" {rC+ Regen+} (You bought
                  | it in a shop in the Dungeon)
  1428 | D        | Bought a shimmering wooden ring for 45 gold pieces
  1428 | D        | Identified the ring "Qenluem" {rElec Will+ MP+9 SInv} (You
                  | bought it in a shop in the Dungeon)
  1428 | D        | Bought a smoking pewter ring for 45 gold pieces
  1428 | D        | Identified the ring "Igeuxuq" {*Corrode rElec rF- rC+++
                  | EV+5} (You bought it in a shop in the Dungeon)
  1428 | D        | Bought a wavering iron ring for 45 gold pieces
  1428 | D        | Identified the ring of Moodiness {+Blink Fly} (You bought
                  | it in a shop in the Dungeon)
  1428 | D        | Bought a faintly glowing copper ring for 45 gold pieces
  1428 | D        | Identified the ring "Satzes" {rPois EV+5} (You bought it in
                  | a shop in the Dungeon)
  1428 | D        | Bought a warped brass ring for 45 gold pieces
  1428 | D        | Identified the ring of Siwnolli {rC+ rCorr Int+2 SInv} (You
                  | bought it in a shop in the Dungeon)
  1428 | D        | Bought a flickering silver ring for 45 gold pieces
  1428 | D        | Identified the ring "Kutec" {rN+ Dex+4} (You bought it in a
                  | shop in the Dungeon)
  1428 | D        | Bought a wavering pewter ring for 45 gold pieces
  1428 | D        | Identified the ring "Ytuazyf" {AC+4 Str+3} (You bought it
                  | in a shop in the Dungeon)
  1428 | D        | Bought a pitted platinum ring for 45 gold pieces
  1428 | D        | Identified the ring "Evvuojenoh" {Ice Contam Fly rPois
                  | Int+3} (You bought it in a shop in the Dungeon)
  1428 | D        | Bought a clouded lead ring for 45 gold pieces
  1428 | D        | Identified the ring of the Enemy {rN+ Dex+5 SInv} (You
                  | bought it in a shop in the Dungeon)
  1452 | D        | Round 10.
  1469 | D        | Noticed a pharaoh ant
  1473 | D        | Killed a pharaoh ant
  1504 | D        | Noticed a demonic crawler
  1509 | D        | Killed a demonic crawler
  1517 | D        | Noticed a jorogumo
  1531 | D        | Killed a jorogumo
  1532 | D        | Reached XP level 11. HP: 118/118 MP: 10/10
  1534 | D        | Noticed a demonic crawler
  1549 | D        | Killed a demonic crawler
  1553 | D        | Arena points: 4447 (+1170) [x13]
  1560 | D        | Got a gossamer rune of Zot
  1572 | D        | Bought a condenser vane for 1000 gold pieces
  1648 | D        | Bought a potion of experience for 300 gold pieces
  1648 | D        | Reached XP level 12. HP: 130/130 MP: 11/11
  1649 | D        | Reached skill level 15 in Armour
  1649 | D        | Reached XP level 13. HP: 137/137 MP: 12/12
  1650 | D        | Reached XP level 14. HP: 146/146 MP: 13/13
  1729 | D        | Round 11.
  1752 | D        | Noticed a nagaraja
  1764 | D        | Killed a nagaraja
  1844 | D        | Noticed a nagaraja
  1844 | D        | Noticed a nagaraja
  1854 | D        | Killed a nagaraja
  1867 | D        | Killed a nagaraja
  1867 | D        | Arena points: 6295 (+1848) [x14]
  1931 | D        | Round 12.
  1982 | D        | Gained mutation: You are strong-willed. (Will+) [a shining
                  | eye]
  2047 | D        | Noticed an acid blob
  2055 | D        | Killed an acid blob
  2060 | D        | Arena points: 8095 (+1800) [x15]
  2125 | D        | Round 13.
  2141 | D        | Gained mutation: You are agile. (Dex +4, Str/Int -1) [a
                  | shining eye]
  2143 | D        | Gained mutation: You are dopey. (Int -2) [a shining eye]
  2165 | D        | Gained mutation: Armour fits poorly on your strangely
                  | shaped body. [a shining eye]
  2179 | D        | Gained mutation: Your magical capacity is low. (-10% MP) [a
                  | shining eye]
  2180 | D        | Gained mutation: Your body sometimes deteriorates upon
                  | taking damage. [a shining eye]
  2218 | D        | Gained mutation: You have large cloven feet. [a shining
                  | eye]
  2219 | D        | Gained mutation: You are frail. (-10% HP) [a shining eye]
  2225 | D        | Gained mutation: You have hidden genetic defects. [a
                  | shining eye]
  2227 | D        | Gained mutation: Your body often deteriorates upon taking
                  | damage. [a shining eye]
  2230 | D        | Gained mutation: You are weak. (Str -2) [a shining eye]
  2232 | D        | Arena points: 10591 (+2496) [x16]
  2240 | D        | Bought 3 potions of mutation for 168 gold pieces
  2240 | D        | Lost mutation: You are frail. (-10% HP) [potion of
                  | mutation]
  2240 | D        | Lost mutation: You have large cloven feet. [potion of
                  | mutation]
  2240 | D        | Lost mutation: You are dopey. (Int -2) [potion of mutation]
  2240 | D        | Gained mutation: You are partially covered in iridescent
                  | scales. (AC +2) [potion of mutation]
  2240 | D        | Gained mutation: Your system is resistant to poisons.
                  | (rPois) [potion of mutation]
  2241 | D        | Lost mutation: Your magical capacity is low. (-10% MP)
                  | [potion of mutation]
  2241 | D        | Lost mutation: You are partially covered in iridescent
                  | scales. (AC +2) [potion of mutation]
  2241 | D        | Lost mutation: You are agile. (Dex +4, Str/Int -1) [potion
                  | of mutation]
  2241 | D        | Gained mutation: You expend magic power (3 MP) to
                  | strengthen your wands. [potion of mutation]
  2242 | D        | Lost mutation: You are strong-willed. (Will+) [potion of
                  | mutation]
  2242 | D        | Lost mutation: Armour fits poorly on your strangely shaped
                  | body. [potion of mutation]
  2242 | D        | Lost mutation: You have hidden genetic defects. [potion of
                  | mutation]
  2242 | D        | Gained mutation: Your magical capacity is low. (-10% MP)
                  | [potion of mutation]
  2242 | D        | Gained mutation: You have supernaturally acute eyesight.
                  | (SInv) [potion of mutation]
  2242 | D        | Gained mutation: You are agile. (Dex +4, Str/Int -1)
                  | [potion of mutation]
  2243 | D        | Bought 2 potions of mutation for 112 gold pieces
  2243 | D        | Lost mutation: Your magical capacity is low. (-10% MP)
                  | [potion of mutation]
  2243 | D        | Lost mutation: You are weak. (Str -2) [potion of mutation]
  2243 | D        | Lost mutation: You are agile. (Dex +4, Str/Int -1) [potion
                  | of mutation]
  2243 | D        | Gained mutation: Your mind is acute. (Int +4, Str/Dex -1)
                  | [potion of mutation]
  2243 | D        | Gained mutation: You occasionally lose the ability to read
                  | scrolls when taking damage. [potion of mutation]
  2243 | D        | Gained mutation: You are robust. (+10% HP) [potion of
                  | mutation]
  2244 | D        | Lost mutation: You expend magic power (3 MP) to strengthen
                  | your wands. [potion of mutation]
  2244 | D        | Lost mutation: Your mind is acute. (Int +4, Str/Dex -1)
                  | [potion of mutation]
  2244 | D        | Gained mutation: You are dopey. (Int -2) [potion of
                  | mutation]
  2244 | D        | Gained mutation: You have sharp toenails. [potion of
                  | mutation]
  2283 | D        | Round 14.
  2292 | D        | Noticed a red very ugly thing
  2302 | D        | Killed a red very ugly thing
  2325 | D        | Noticed a white very ugly thing
  2331 | D        | Killed a white very ugly thing
  2344 | D        | Noticed a green very ugly thing
  2354 | D        | Killed a green very ugly thing
  2395 | D        | Arena points: 13923 (+3332) [x17]
  2448 | D        | Bought a quad damage for 400 gold pieces
  2448 | D        | Bought a quad damage for 400 gold pieces
  2448 | D        | Bought a quad damage for 400 gold pieces
  2453 | D        | Round 15.
  2455 | D        | Noticed Agnes
  2550 | D        | Arena points: 14028 (+105) [x1]
  2551 | D        | Got a mossy rune of Zot
  2723 | D        | Round 16.
  2746 | D        | Reached skill level 1 in Stealth
  2764 | D        | Reached XP level 15. HP: 179/179 MP: 14/14
  2805 | D        | Arena points: 14476 (+448) [x2]
  2872 | D        | Round 17.
  2998 | D        | Bought a shiny crystal plate armour for 3071 gold pieces
  2998 | D        | Bought a pair of crude boots for 351 gold pieces
  2998 | D        | Identified the +0 pair of boots of Free Expression {rElec
                  | Str-5 Dex+6} (You bought it in a shop in the Dungeon)
  3020 | D        | Arena points: 15241 (+765) [x3]
  3033 | D        | Bought an iridescent great mace for 241 gold pieces
  3033 | D        | Identified the +1 great mace of the Eleven Princes {flame,
                  | rElec rCorr SInv} (You bought it in a shop in the Dungeon)
  3054 | D        | Round 18.
  3208 | D        | Arena points: 16249 (+1008) [x4]
  3238 | D        | Round 19.
  3246 | D        | Noticed an acid blob
  3251 | D        | Killed an acid blob
  3265 | D        | Noticed a rockslime
  3268 | D        | Noticed an acid blob
  3273 | D        | Killed a rockslime
  3279 | D        | Killed an acid blob
  3284 | D        | Noticed a rockslime
  3292 | D        | Killed a rockslime
  3293 | D        | Reached skill level 5 in Stealth
  3315 | D        | Noticed a rockslime
  3323 | D        | Killed a rockslime
  3349 | D        | Noticed an azure jelly
  3352 | D        | Killed an azure jelly
  3352 | D        | Arena points: 17674 (+1425) [x5]
  3388 | D        | Bought the ring "Zauwko" {rC- rCorr EV+5 Str+5} for 729
                  | gold pieces
  3424 | D        | Round 20.
  3425 | D        | Identified the +3 tower shield of Privacy {rPois Str-3
                  | Int+5}
  3425 | D        | Noticed Mennas
  3451 | D        | Killed Mennas
  3451 | D        | Arena points: 19354 (+1680) [x7]
  3452 | D        | Reached skill level 1 in Evocations
  3457 | D        | Got a silver rune of Zot
  3468 | D        | Bought 8 scrolls of enchant weapon for 600 gold pieces
  3645 | D        | Round 21.
  3660 | D        | Noticed Nellie
  3679 | D        | Killed Nellie
  3687 | D        | Noticed Geryon
  3705 | D        | Killed Geryon
  3722 | D        | Reached skill level 27 in Shields
  3778 | D        | Arena points: 22210 (+2856) [x8]
  3839 | D        | Round 22.
  3862 | D        | Reached XP level 16. HP: 193/200 MP: 15/15
  3876 | D        | Noticed a hellephant
  3884 | D        | Killed a hellephant
  3886 | D        | Noticed a Hell Sentinel
  3893 | D        | Noticed a hellephant
  3907 | D        | Killed a hellephant
  3908 | D        | Reached skill level 27 in Fighting
  3918 | D        | Killed a Hell Sentinel
  3944 | D        | Noticed a Hell Sentinel
  3955 | D        | Killed a Hell Sentinel
  3956 | D        | Reached skill level 10 in Stealth
  3965 | D        | Noticed a hellephant
  3984 | D        | Killed a hellephant
  3985 | D        | Reached skill level 27 in Maces & Flails
  4008 | D        | Arena points: 25972 (+3762) [x9]
  4031 | D        | Round 23.
  4033 | D        | Noticed a pearl dragon
  4042 | D        | Killed a pearl dragon
  4063 | D        | Identified the +1 buckler of Loegoz {rN+ Int+8}
  4158 | D        | Noticed a pearl dragon
  4171 | D        | Killed a pearl dragon
  4200 | D        | Noticed a pearl dragon
  4206 | D        | Killed a pearl dragon
  4220 | D        | Arena points: 26317 (+345) [x1]
  4235 | D        | Round 24.
  4249 | D        | Reached skill level 15 in Stealth
  4297 | D        | Arena points: 27325 (+1008) [x2]
  4313 | D        | Round 25.
  4320 | D        | Noticed Dissolution
  4322 | D        | Gained mutation: You do not regenerate when monsters are
                  | visible. [a shining eye]
  4324 | D        | Paralysed by a floating eye for 4 turns
  4331 | D        | Noticed an acid blob
  4331 | D        | Noticed an acid blob
  4332 | D        | Gained mutation: Armour fits poorly on your strangely
                  | shaped body. [a shining eye]
  4339 | D        | Paralysed by a floating eye for 4 turns
  4341 | D        | Gained mutation: Your spells are a little easier to cast,
                  | but a little less powerful. [a shining eye]
  4344 | D        | Killed an acid blob
  4344 | D        | Lost mutation: You are robust. (+10% HP) [a shining eye]
  4349 | D        | Killed Dissolution
  4349 | D        | Arena points: 28725 (+1400) [x4]
  4350 | D        | Reached skill level 27 in Armour
  4350 | D        | Reached XP level 17. HP: 89/191 MP: 16/16
  4353 | D        | Got a slimy rune of Zot
  4375 | D        | Bought 3 potions of mutation for 168 gold pieces
  4375 | D        | Bought 2 potions of mutation for 112 gold pieces
  4375 | D        | Bought a potion of mutation for 56 gold pieces
  4375 | D        | Lost mutation: Your spells are a little easier to cast, but
                  | a little less powerful. [potion of mutation]
  4375 | D        | Lost mutation: You have sharp toenails. [potion of
                  | mutation]
  4375 | D        | Lost mutation: Your system is resistant to poisons. (rPois)
                  | [potion of mutation]
  4375 | D        | Gained mutation: You have a pair of large horns on your
                  | head. [potion of mutation]
  4376 | D        | Lost mutation: You have supernaturally acute eyesight.
                  | (SInv) [potion of mutation]
  4376 | D        | Lost mutation: You are dopey. (Int -2) [potion of mutation]
  4376 | D        | Gained mutation: A frigid envelope surrounds you and
                  | freezes all who hurt you. [potion of mutation]
  4377 | D        | Lost mutation: You occasionally lose the ability to read
                  | scrolls when taking damage. [potion of mutation]
  4377 | D        | Lost mutation: You have a pair of large horns on your head.
                  | [potion of mutation]
  4377 | D        | Lost mutation: You do not regenerate when monsters are
                  | visible. [potion of mutation]
  4377 | D        | Gained mutation: Your flesh is heat resistant. (rF+)
                  | [potion of mutation]
  4517 | D        | Round 26.
  4528 | D        | Noticed a titan
  4537 | D        | Killed a titan
  4561 | D        | Noticed a titan
  4564 | D        | Killed a titan
  4569 | D        | Noticed Chuck
  4574 | D        | Killed Chuck
  4607 | D        | Noticed a titan
  4616 | D        | Killed a titan
  4635 | D        | Noticed a titan
  4635 | D        | Noticed a titan
  4648 | D        | HP: 3/191 [titan/bolt of lightning (30)]
  4652 | D        | Killed from afar by a titan

Illustrated notes

Levels and vault maps discovered:
D:        arena_sprint

Skill      XL: |  1  2  3  4  5  6  7  8  9 10 11 12 13 14 15 16 17 |
---------------+----------------------------------------------------+-----
Fighting       | 7 8 9 10 11 14 17 19 23 26 27 | 27.0
Maces & Flails | 5 6 8 10 12 15 17 18 22 25 27 | 27.0
Armour         | 8 9 10 11 12 13 14 15 19 21 27 | 27.0
Shields        | 7 8 10 11 13 14 16 17 23 27 | 27.0
Dodging        | 1 2 3 4 5 6 7 |  7.8
Stealth        | 1 8 20 23 | 23.7
Evocations     | 1 |  1.1

Action                     |  1- 3 |  4- 6 |  7- 9 | 10-12 | 13-15 | 16-18 || total
---------------------------+-------+-------+-------+-------+-------+-------++-------
  Melee: Flail             |    11 |    35 |    12 |       |       |       ||    58
         Headbutt          |     3 |     7 |    24 |    12 |   107 |    60 ||   213
         Demon whip        |       |       |    61 |    76 |   381 |   211 ||   729
 Invoke: Call Merchant     |       |       |       |     1 |     4 |     1 ||     6
         Bribe Branch      |       |       |       |       |     1 |       ||     1
         Potion Petition   |       |       |       |       |       |     1 ||     1
  Evoke: Wand              |       |       |       |       |     1 |       ||     1
         Quad damage       |       |       |       |       |       |     1 ||     1
    Use: Scroll            |       |       |    11 |     8 |     4 |       ||    23
         Potion            |       |       |       |     2 |     6 |     6 ||    14
   Stab: Distracted        |       |       |       |       |     9 |     6 ||    15
         Betrayed ally     |       |       |       |       |     1 |     2 ||     3
 Armour: Scale mail        |     4 |     7 |     9 |       |       |       ||    20
         Plate armour      |       |       |     9 |     3 |       |       ||    12
         Crystal plate arm |       |       |       |    55 |   102 |   164 ||   321
  Dodge: Dodged            |     3 |    13 |    16 |    25 |    58 |    81 ||   196
  Block: Buckler           |     1 |    19 |    25 |    16 |       |       ||    61
         Reflection        |       |       |     2 |     6 |    16 |    14 ||    38
         Kite shield       |       |       |       |    57 |   258 |   180 ||   495
         Other             |       |       |       |     1 |       |       ||     1

Table legend: (Time is in decaauts)
 A = Elapsed time spent in this place.
 B = Non-inter-level travel time spent in this place.
 C = Inter-level travel time spent in this place.
 D = Time resting spent in this place.
 E = Time spent auto-exploring this place.
 F = Levels seen in this place.
 G = Mean time per level.
                   A        B        C        D        E       F      G
               +--------+--------+--------+--------+--------+-----+--------+
         Total |   4513 |   4382 |    131 |    600 |    335 |   1 | 4513.0 |
       Dungeon |   4513 |   4382 |    131 |    600 |    335 |   1 | 4513.0 |
               +--------+--------+--------+--------+--------+-----+--------+

Top non-repeatable levels by time:
       D: 4513 daAuts
